 Dungeon Crawl Stone Soup version 0.30-a0-862-g1aabd4f9c5 (webtiles) character file.

Game seed: 5519431963816855467

44 cheesebisquit the Cutter (level 3, -7/27 HPs)
             Began as a Merfolk Gladiator on Mar 8, 2023.
             Splashed by a jelly's acid (8 damage)
             ... on level 2 of the Dungeon.
             The game lasted 00:04:33 (1051 turns).

cheesebisquit the Cutter (Merfolk Gladiator)        Turns: 1051, Time: 00:04:34

Health: -7/27      AC: -12   Str: 14    XL:     3   Next: 62%
Magic:  3/3        EV: 13    Int:  7    God:
Gold:   54         SH:  0    Dex: 17    Spells: 2/2 levels left

rFire   . . .      SeeInvis +    a - +0 rapier
rCold   . . .      Faith    .    (no shield)
rNeg    . . .      Spirit   .    b - +0 leather armour
rPois   .          Reflect  .    c - +0 helmet
rElec   .          Rampage  .    (no cloak)
rCorr   .                        (no gloves)
Will    .....                    (no boots)
Stlth   +                        (no amulet)
HPRegen 0.24/turn                k - ring of see invisible
MPRegen 0.08/turn                l - ring of wizardry

@: corroded
A: (nimble swimmer 2), mertail
a: no special abilities


You were on level 2 of the Dungeon.
You visited 1 branch of the dungeon, and saw 2 of its levels.

You collected 54 gold pieces.

Inventory:

Hand Weapons
 a - a +0 rapier (weapon)
Missiles
 d - 3 throwing nets (quivered)
 e - 4 javelins
Armour
 b - a +0 leather armour (worn)
 c - a +0 helmet (worn)
Jewellery
 k - a ring of see invisible (left hand)
 l - a ring of wizardry (right hand)
Scrolls
 f - a scroll of silence {unknown}
 g - 2 scrolls of identify {unknown}
 j - a scroll of magic mapping {unknown}
Potions
 h - a potion of mutation {unknown}
 i - a potion of heal wounds {unknown}


   Skills:
 - Level 2.1 Fighting
 + Level 5.4 Short Blades
 - Level 2.0 Throwing
 - Level 4.0 Dodging


You had 2 spell levels left.
You didn't know any spells.
Your spell library was empty.

Dungeon Overview and Level Annotations

Branches:
Dungeon (2/15)

Altars:


Innate Abilities, Weirdness & Mutations

((You are very nimble when in or above water. (Stealth+, EV+, Speed+++)))
Your lower body shifts to a powerful aquatic tail in water.


Message History

You kill the kobold!
Things that are here:
a +0 club; a stone; a kobold corpse You open the door.
An endoplasm comes into view. 2 jellies and 7 endoplasms come into view.
Found five items.
The jelly quivers.
The endoplasm quivers. x2
There is an open door here.
You hit the endoplasm.
The endoplasm is almost dead.
The endoplasm freezes you.
You are frozen.
You hit the endoplasm.
You kill the endoplasm!
You hit the endoplasm.
The endoplasm is moderately wounded.
The endoplasm completely misses you.
You hit the endoplasm but do no damage.
The endoplasm is moderately wounded.
The endoplasm hits you but does no damage.
You hit the endoplasm.
The endoplasm is heavily wounded.
The endoplasm hits you but does no damage.
You hit the endoplasm.
You kill the endoplasm!
You hit the jelly. The acid corrodes you!
Your hands burn!
The jelly is lightly wounded.
The jelly closely misses you.
You hit the jelly but do no damage. The acid corrodes you!
Your hands burn!
The jelly is lightly wounded.
The jelly closely misses you.
You hit the jelly but do no damage.
Your hands burn!
The jelly is lightly wounded.
The jelly hits you. The acid corrodes you!
You are splashed with acid!
* * * LOW HITPOINT WARNING * * *
The jelly attacks as you move away! The jelly hits you.
* * * LOW HITPOINT WARNING * * *
The acid corrodes you!
You are splashed with acid!
You die...

...# #.###########
#.##.# ####
#.##..÷÷...÷?
#.##.#
#.##.....PJ..
#.##.#
#.##.PJ.JP...
#.##.#
#.##..÷..PJP.
#.##.#
#.##..J...JPJ
#.##.#
#.##.J^J.P..÷
#....# #.#
#J####### #.#######
#.#
##@)....###.......#
#.#
########.##.#####.#
#.# #....'..###.#
#.###....#### #.# #
#..##.......# #.# #
##.##.......# #.#
### #.##.......#
#.# ..####
#.##.......# #.#
#....####
#.###.....##


You could see a jelly and an endoplasm.

Vanquished Creatures
  An adder (D:2)
  A worm (D:2)
  2 ball pythons (D:1)
  5 endoplasms
  3 giant cockroaches
  2 hobgoblins
  3 quokkas
  3 bats
  2 frilled lizards (D:1)
  6 kobolds (D:2)
  3 rats (D:1)
31 creatures vanquished.

Vanquished Creatures (others)
  9 toadstools (D:2)
9 creatures vanquished.

Grand Total: 40 creatures vanquished

Notes
Turn   | Place    | Note
-------+----------+-------------------------------------------
     0 | D:1      | cheesebisquit the Merfolk Gladiator began the quest for the
                  | Orb.
     0 | D:1      | Reached XP level 1. HP: 16/16 MP: 1/1
   106 | D:1      | Reached skill level 4 in Short Blades
   205 | D:1      | Reached XP level 2. HP: 22/22 MP: 2/2
   815 | D:2      | Reached skill level 5 in Short Blades
   815 | D:2      | Reached XP level 3. HP: 27/27 MP: 3/3
  1051 | D:2      | HP: 1/27 [jelly (1)]
  1051 | D:2      | Splashed by a jelly's acid

Illustrated notes

Levels and vault maps discovered:
D:1:      lightli_iron_boxes, layout_loops_cross
D:2:      cheibrodos_fertilizer, layout_basic, uniq_robin

Skill      XL: |  1  2 |
---------------+-------+-----
Short Blades   | 4 5 |  5.4
Fighting       | |  2.1
Throwing       | |  2.0
Dodging        | |  4.0

Action                     || total
---------------------------++-------
  Melee: Rapier            ||    84
         Punch             ||     1
   Stab: Sleeping          ||     1
 Armour: Leather armour    ||    18
  Dodge: Dodged            ||    52

Table legend: (Time is in decaauts)
 A = Elapsed time spent in this place.
 B = Non-inter-level travel time spent in this place.
 C = Inter-level travel time spent in this place.
 D = Time resting spent in this place.
 E = Time spent auto-exploring this place.
 F = Levels seen in this place.
 G = Mean time per level.
                   A        B        C        D        E       F      G
               +--------+--------+--------+--------+--------+-----+--------+
         Total |   1046 |   1041 |      5 |      0 |    773 |   2 |  523.0 |
       Dungeon |   1046 |   1041 |      5 |      0 |    773 |   2 |  523.0 |
               +--------+--------+--------+--------+--------+-----+--------+

Top non-repeatable levels by time:
     D:1: 705 daAuts
     D:2: 340 daAuts
